 Dungeon Crawl Stone Soup version 0.30-a0-347-gf58ed5266c (webtiles) character file.

Game seed: 12784853287453986433

336 purpskrrrp the Ruffian (level 6, -5/60 (61) HPs)
             Began as a Troll Warper on Nov 6, 2022.
             Killed from afar by Dowan (17 damage)
             ... with a shard of ice
             ... on level 4 of the Dungeon.
             The game lasted 00:06:23 (2032 turns).

purpskrrrp the Ruffian (Troll Warper)               Turns: 2032, Time: 00:06:24

HP:   -5/60 (61)    AC:  6    Str: 22    XL:     6   Next: 28%
MP:   8/8           EV:  9    Int:  9    God:
Gold: 18            SH:  0    Dex:  9    Spells: 7/9 levels left

rFire   . . .      SeeInvis .      - Unarmed
rCold   . . .      Faith    .    (no shield)
rNeg    . . .      Spirit   .    d - +2 robe {Will+}
rPois   .          Reflect  .    (helmet restricted)
rElec   .          Harm     .    o - scarf {repulsion}
rCorr   .          Rampage  .    (gloves unavailable)
Will    +....                    (boots unavailable)
Stlth   +.........               (no amulet)
HPRegen 1.10/turn                (no ring)
MPRegen 0.11/turn                (no ring)

@: on berserk cooldown, slowed, lightly drained, repel missiles, very slow
A: large, unfitting armour, claws 3, regeneration 1, shaggy fur 1, tough skin 1
a: no special abilities


You were on level 4 of the Dungeon.
You visited 1 branch of the dungeon, and saw 4 of its levels.

You collected 228 gold pieces.
You spent 210 gold pieces at shops.

Inventory:

Missiles
 c - 5 boomerangs of dispersal
Armour
 a - a +2 robe
 d - a +2 robe of willpower (worn)
 o - a scarf of repulsion (worn)
Scrolls
 g - a scroll of teleportation
 h - a scroll of fear
 p - a scroll of blinking
Potions
 b - a potion of brilliance
 f - a potion of flight
 i - a potion of curing
 k - 4 potions of heal wounds
 l - a potion of attraction
 m - 2 potions of might
 n - 2 potions of lignification


   Skills:
 + Level 3.0 Fighting
 - Level 0.8 Throwing
 + Level 0.8 Armour
 - Level 1.9 Dodging
 + Level 3.6 Unarmed Combat
 + Level 2.2 Spellcasting
 + Level 3.2 Translocations


You had 7 spell levels left.
You knew the following spells:

 Your Spells              Type           Power      Damage    Failure   Level
a - Blink                 Tloc           12%        N/A       13%         2

Your spell library contained the following spells:

 Spells                   Type           Power      Damage    Failure   Level
 Lesser Beckoning         Tloc           12%        N/A       26%         3
 Teleport Other           Tloc           6%         N/A       26%         3
 Freeze                   Ice            4%         1d3       32%         1
 Slow                     Hex            4%         N/A       32%         1
 Summon Small Mammal      Summ           4%         N/A       32%         1
 Portal Projectile        Hex/Tloc       6%         N/A       45%         3
 Vhi's Electric Charge    Tloc/Air       6%         N/A       45%         3
 Manifold Assault         Tloc           6%         N/A       65%         4
 Call Canine Familiar     Summ           1%         N/A       69%         3
 Confusing Touch          Hex            1%         N/A       69%         3
 Frozen Ramparts          Ice            2%         1d1       69%         3
 Hailstorm                Conj/Ice       1%         3d3       69%         3
 Summon Guardian Golem    Hex/Summ       1%         N/A       69%         3
 Tukima's Dance           Hex            1%         N/A       69%         3
 Vampiric Draining        Necr           1%         2d6       69%         3
 Ice Form                 Ice/Tmut       1%         N/A       97%         4
 Blade Hands              Tmut           0%         N/A       100%        5
 Simulacrum               Ice/Necr       0%         N/A       100%        6


Dungeon Overview and Level Annotations

Branches:
Dungeon (4/15)
 Temple: D:4-7

Altars:
Yredelemnul

Shops:
D:3 *:=!

Annotations:
D:3 Robin
D:4 Dowan


Innate Abilities, Weirdness & Mutations

You are too large for most types of armour.
You have claws for hands.
Your natural rate of healing is unusually fast.
You are covered in fur. (AC +1)
You have tough skin. (AC +1)


Message History

Dowan is moderately wounded.
You feel extremely sick.
Dowan hits you with a +4 dagger of venom.
Dowan points at you and mumbles some strange words.
The shard of ice misses you.
You closely miss Dowan.
Dowan is moderately wounded.
You feel very sick.
Dowan says, "How can I live without her?"
Dowan barely misses you. Dowan hits you but does no damage.
You are more poisoned.
Dowan shakes with grief.
Dowan closely misses you.
You scratch Dowan.
Dowan is heavily wounded.
You feel very sick. Dowan barely misses you. x2
You scratch Dowan.
Dowan is heavily wounded.
You feel very sick.
Dowan mumbles some strange words.
Dowan blinks!
Dowan casts a spell.
Dowan blinks!
You closely miss the quokka.
You feel very sick.
The quokka bites you but does no damage. x2
You miss the quokka.
You feel sick.
The quokka bites you but does no damage.
You closely miss the quokka.
You feel sick.
The quokka bites you but does no damage. x2
You barely miss the quokka.
You feel sick. The quokka barely misses you. x2
You closely miss the quokka.
You feel sick. The quokka barely misses you.
You claw the quokka!
You kill the quokka!
You feel sick.
You are no longer poisoned.
Dowan points at you and mumbles some strange words.
The shard of ice hits you!
You die...

### #.. ##. #.# .
... ..# #.##.### #.#
#....#.## #.#
#.##....###.####.#..
#........).#@..e....
#(##....###.#######.
#.##.#.###.#.#
#.........# #..
####.#####.# #...
#<# .### #.# # #.#
#.#


You could see Dowan (fast).

Vanquished Creatures
  Sigmund (D:2)
  Duvessa (D:4)
  2 adders (D:2)
  2 worms
  3 dart slugs
  5 orcs (D:3)
  5 bats
  6 endoplasms
  4 goblins
  5 hobgoblins
  3 quokkas
  4 ball pythons
  3 frilled lizards
  2 kobolds
  4 rats
50 creatures vanquished.

Notes
Turn   | Place    | Note
-------+----------+-------------------------------------------
     0 | D:1      | purpskrrrp the Troll Warper began the quest for the Orb.
     0 | D:1      | Reached XP level 1. HP: 19/19 MP: 1/1
   222 | D:1      | Reached XP level 2. HP: 28/28 MP: 3/3
   940 | D:2      | Noticed Sigmund
  1041 | D:2      | Reached XP level 3. HP: 33/35 MP: 4/4
  1362 | D:2      | Killed Sigmund
  1363 | D:2      | Reached XP level 4. HP: 29/44 MP: 4/6
  1363 | D:2      | Reached XP level 5. HP: 33/50 MP: 4/7
  1553 | D:3      | Learned a level 2 spell: Blink
  1754 | D:3      | Found Kulusops's Jewellery Emporium.
  1778 | D:3      | Found Sirchos's General Store.
  1787 | D:3      | Bought a scroll of identify for 20 gold pieces
  1843 | D:3      | Found Ves Jeur's Book Boutique.
  1906 | D:3      | Found a basalt altar of Yredelemnul.
  1906 | D:3      | Noticed Robin
  1945 | D:3      | Found Uqiesch's Distillery.
  1948 | D:3      | Bought a potion of heal wounds for 50 gold pieces
  1948 | D:3      | Bought a potion of heal wounds for 50 gold pieces
  1948 | D:3      | Bought a potion of heal wounds for 50 gold pieces
  1948 | D:3      | Bought a potion of might for 40 gold pieces
  2000 | D:4      | Noticed Duvessa
  2016 | D:4      | Killed Duvessa
  2017 | D:4      | Reached XP level 6. HP: 59/60 MP: 8/8
  2019 | D:4      | Noticed Dowan
  2032 | D:4      | Killed from afar by Dowan

Illustrated notes

Levels and vault maps discovered:
D:1:      eino_arrival_cavern_a, layout_loops_corners
D:2:      layout_rooms, uniq_sigmund
D:3:      layout_rooms, general_overflow_altar, serial_shops, shop_coins,
          nicolae_shop_trees, shop, nicolae_shop_window_shopping,
          dreamdust_princess_corridor, uniq_robin
D:4:      layout_loops_ring, lemuel_round_altar, nicolae_ossuary_entry_plus,
          st_stairs_1, uniq_duvessa

Skill      XL: |  1  2  3  4  5 |
---------------+----------------+-----
Fighting       | 2 3 |  3.0
Unarmed Combat | 3 |  3.6
Spellcasting   | 2 |  2.2
Translocations | 3 |  3.2
Throwing       | |  0.8
Armour         | |  0.8
Dodging        | |  1.9

Action                   |  1- 3 |  4- 6 || total
-------------------------+-------+-------++-------
Melee: Unarmed           |   101 |    76 ||   177
       Punch             |       |     2 ||     2
Throw: Boomerang         |     2 |       ||     2
  Use: Scroll            |     6 |     4 ||    10
       Potion            |     2 |     2 ||     4
 Stab: Sleeping          |     1 |       ||     1
Armor: Robe              |    28 |    34 ||    62
       Skin              |     5 |       ||     5
Dodge: Dodged            |    25 |    37 ||    62
       Repelled          |       |     2 ||     2

Table legend: (Time is in decaauts)
 A = Elapsed time spent in this place.
 B = Non-inter-level travel time spent in this place.
 C = Inter-level travel time spent in this place.
 D = Time resting spent in this place.
 E = Time spent auto-exploring this place.
 F = Levels seen in this place.
 G = Mean time per level.
                   A        B        C        D        E       F      G
               +--------+--------+--------+--------+--------+-----+--------+
         Total |   2026 |   1910 |    116 |     49 |   1439 |   4 |  506.5 |
       Dungeon |   2026 |   1910 |    116 |     49 |   1439 |   4 |  506.5 |
               +--------+--------+--------+--------+--------+-----+--------+

Top non-repeatable levels by time:
     D:1: 971 daAuts
     D:2: 555 daAuts
     D:3: 462 daAuts
     D:4: 37 daAuts
